 Dungeon Crawl Stone Soup version 1.1-6-g939b7aa (webtiles) character file.

306 Someone4956 the Cudgeler (level 6, -6/47 HPs)
             Began as a Formicid Fighter on June 10, 2018.
             Killed by nerve-wracking pain
             ... invoked by soadsod's ghost
              (9 damage)
             ... on level 3 of the Dungeon.
             The game lasted 00:04:09 (1595 turns).

Someone4956 the Cudgeler (Formicid Fighter)         Turns: 1595, Time: 00:04:09

Health: -6/47      AC:  6    Str: 22    XL:     6   Next: 67%
Magic:  6/6        EV: 12    Int:  8    God:
Gold:   77         SH:  9    Dex: 10    Spells: 5/5 levels left

rFire    . . .     SeeInvis +   a - +0 flail
rCold    . . .     Gourm    .   c - +0 shield
rNeg     . . .     Faith    .   b - +0 scale mail
rPois    .         Spirit   .   (helmet unavailable)
rElec    .         Reflect  .   (no cloak)
rCorr    .         Harm     .   (no gloves)
MR       .....                  (no boots)
Stlth    ..........             (no amulet)
HPRegen  0.15/turn              e - +5 ring of slaying
MPRegen  0.10/turn              i - +4 ring of evasion

@: no status effects
A: permanent stasis, dig shafts and tunnels, four strong arms, antennae 3,
hooves 1, high mp 1
a: Dig, Shaft Self


You were on level 3 of the Dungeon.
You were not hungry.

You visited 1 branch of the dungeon, and saw 3 of its levels.

You collected 77 gold pieces.

Inventory:

Hand Weapons
 a - a +0 flail (weapon)
Armour
 b - a +0 scale mail (worn)
 c - a +0 shield (worn)
Jewellery
 e - a +5 ring of slaying (left hand)
 i - a +4 ring of evasion (right hand)
 q - a cursed -2 ring of strength {unknown}
Wands
 n - a wand of acid (12)
Scrolls
 d - 3 scrolls of fear {unknown}
 g - 2 scrolls of remove curse {unknown}
 k - a scroll of teleportation {unknown}
 l - a scroll of magic mapping {unknown}
 m - 2 scrolls of enchant weapon {unknown}
 o - 3 scrolls of identify {unknown}
Potions
 h - a potion of brilliance {unknown}
 j - 3 potions of curing
 p - a potion of berserk rage {unknown}
Comestibles
 f - 4 rations
 r - a chunk of flesh


   Skills:
 - Level 3.2 Fighting
 + Level 6.6 Maces & Flails
 - Level 3.2 Armour
 - Level 3.6 Shields


You had 5 spell levels left.
You didn't know any spells.
Your spell library was empty.

Dungeon Overview and Level Annotations

Branches:
Dungeon (3/12)

Altars:
Lugonu

Annotations:
D:3 soadsod's ghost, novice DWNe


Innate Abilities, Weirdness & Mutations

You cannot be hasted, slowed, berserked, paralysed or teleported.
You can dig through walls and to a lower floor.
Your four strong arms can wield two-handed weapons with a shield.
You have a pair of large antennae on your head. (SInv)
You have large cloven feet.
You have an increased reservoir of magic. (+10% MP)


Message History

Soadsod's ghost is moderately damaged.
Soadsod's ghost hits you but does no damage.
Something hits the plant but does no damage.
You hit soadsod's ghost. Your kick misses soadsod's ghost.
Soadsod's ghost is heavily damaged.
Soadsod's ghost hits you but does no damage.
Something hits the plant but does no damage.
You thump soadsod's ghost! Your kick misses soadsod's ghost.
Soadsod's ghost is severely damaged.
Soadsod's ghost closely misses you.
You hear a splashing noise.
Soadsod's ghost gestures at you while chanting.
Pain shoots through your body!
* * * LOW HITPOINT WARNING * * *
You sock soadsod's ghost! Your kick misses soadsod's ghost.
Soadsod's ghost is almost destroyed.
Something hits the plant but does no damage.
Soadsod's ghost gestures at you while chanting.
Pain shoots through your body!
You die...

#.# #.# #.#
#.# #.#
###########.#
.........##.#
########....#
#@#### {♣W♣
♣≈JP≈P♣≈P≈P≈#
≈≈P≈P≈≈
P≈P♣♣#
≈≈≈≈≈≈≈
♣≈≈≈hh
≈≈≈≈≈≈≈ ≈≈≈♣♣
≈≈≈≈≈≈≈ ≈≈P≈≈
≈≈≈≈≈≈≈ P≈≈≈≈
≈≈≈≈≈≈≈ ≈≈≈≈♣


You could see soadsod's ghost.

Vanquished Creatures
  Sigmund (D:2)
  2 orc wizards (D:3)
  4 adders
  A worm (D:2)
  7 dart slugs
  A leopard gecko (D:1)
  2 orcs (D:3)
  4 giant cockroaches (D:1)
  9 goblins
  4 hobgoblins
  5 jackals
  2 ball pythons
  9 bats
  3 frilled lizards
  A kobold (D:1)
  2 rats (D:1)
57 creatures vanquished.

Notes
Turn   | Place    | Note
-------+----------+-------------------------------------------
     0 | D:1      | Someone4956 the Formicid Fighter began the quest for the Orb.
     0 | D:1      | Reached XP level 1. HP: 18/18 MP: 1/1
   149 | D:1      | Reached XP level 2. HP: 24/24 MP: 2/2
   219 | D:1      | Reached skill level 3 in Maces & Flails
   245 | D:1      | Reached XP level 3. HP: 24/29 MP: 3/3
   773 | D:2      | Noticed Sigmund
   789 | D:2      | Gained mutation: You have large cloven feet. [potion of mutation]
   789 | D:2      | Gained mutation: You have an increased reservoir of magic. (+10% MP) [potion of mutation]
   795 | D:2      | Killed Sigmund
   795 | D:2      | Reached skill level 5 in Maces & Flails
   795 | D:2      | Reached XP level 4. HP: 17/35 MP: 4/4
   795 | D:2      | Reached XP level 5. HP: 20/41 MP: 5/5
   795 | D:2      | Reached XP level 6. HP: 23/47 MP: 6/6
  1066 | D:2      | Reached skill level 6 in Maces & Flails
  1281 | D:2      | Found a corrupted altar of Lugonu.
  1575 | D:3      | Noticed soadsod's ghost (novice DWNe)
  1595 | D:3      | Killed from afar by soadsod's ghost

Skill      XL: |  1  2  3  4  5  6 |
---------------+-------------------+-----
Maces & Flails | 3 5 6 |  6.6
Fighting       | |  3.2
Armour         | |  3.2
Shields        | |  3.6

Action                   |  1- 3 |  4- 6 || total
-------------------------+-------+-------++-------
Melee: Flail             |    96 |    56 ||   152
       Kick              |     1 |    16 ||    17
  Use: Potion            |     3 |       ||     3
  Eat: Chunk             |       |     2 ||     2
Armor: Scale mail        |    36 |    16 ||    52
Dodge: Dodged            |    41 |    29 ||    70
Block: Shield            |    47 |    23 ||    70
